 Dungeon Crawl Stone Soup version 0.27.1-2-g3b301248ec (webtiles) character file.

Game seed: 16821517747969538369

6 Daunt the Vexing (level 1, -2/13 HPs)
             Began as a Vampire Enchanter on Oct 1, 2021.
             Slain by a worm (11 damage)
             ... on level 2 of the Dungeon.
             The game lasted 00:01:17 (159 turns).

Daunt the Vexing (Vampire Enchanter)                 Turns: 159, Time: 00:01:18

Health: -2/13      AC:  2    Str:  7    XL:     1   Next: 75%
Magic:  3/3        EV: 12    Int: 17    God:
Gold:   0          SH:  0    Dex: 14    Spells: 3/4 levels left

rFire    . . .     SeeInvis +   a - +1 dagger
rCold    . . .     Faith    .   (no shield)
rNeg     . . .     Spirit   .   b - +0 robe
rPois    .         Reflect  .   (no helmet)
rElec    .         Harm     .   (no cloak)
rCorr    .         Rampage  .   (no gloves)
Will     .....                  (no boots)
Stlth    +++.......             (no amulet)
HPRegen  0.24/turn              (no ring)
MPRegen  0.08/turn              (no ring)

@: healing quickly
A: alive, fangs 3, see invisible, vampiric 1
a: Exsanguinate


You were on level 2 of the Dungeon.
You visited 1 branch of the dungeon, and saw 2 of its levels.

Inventory:

Hand Weapons
 a - a +1 dagger (weapon)
Missiles
 c - 4 curare-tipped darts
Armour
 b - a +0 robe (worn)


   Skills:
 + Level 2.1 Short Blades
 - Level 2.1 Dodging
 - Level 4.4 Stealth
 - Level 2.0 Spellcasting
 - Level 4.4 Hexes


You had 3 spell levels left.
You knew the following spells:

 Your Spells              Type           Power      Damage    Failure   Level
a - Corona                Hex            17%        N/A       3%          1

Your spell library contained the following spells:

 Spells                   Type           Power      Damage    Failure   Level
 Confusing Touch          Hex            16%        N/A       10%         3
 Tukima's Dance           Hex            16%        N/A       10%         3
 Ensorcelled Hibernation  Hex/Ice        18%        N/A       12%         2
 Dazzling Flash           Conj/Hex       18%        N/A       24%         3


Dungeon Overview and Level Annotations

Branches:
Dungeon (1/15)

Altars:


Innate Abilities, Weirdness & Mutations

Your natural rate of healing is accelerated.
You have razor-sharp teeth.
You have supernaturally acute eyesight. (SInv)
You are afflicted with vampirism.


Message History

The bat is heavily wounded.
The bat hits you but does no damage. The bat hits you but does no damage.
You miss the bat.
The bat is moderately wounded.
The bat hits you but does no damage. The bat misses you.
You miss the bat.
The bat is moderately wounded.
The bat hits you but does no damage.
You hit the bat but do no damage.
The bat is moderately wounded.
The bat barely misses you. The bat closely misses you.
You barely miss the bat.
The bat is moderately wounded.
The bat misses you. The bat hits you but does no damage.
The bat barely misses you.
You hit the bat.
The bat is moderately wounded.
The bat barely misses you. The bat hits you but does no damage.
You hit the bat.
You kill the bat!
Your Short Blades skill increases to level 2!
Found an escape hatch in the floor.
A worm comes into view.
A worm is nearby!
A worm is nearby!
A bat comes into view.
You hit the worm.
The worm is lightly wounded.
You barely miss the worm.
The worm is lightly wounded.
You barely miss the worm. The worm bites you.
You hit the worm. You bite the worm.
The worm is moderately wounded.
You hit the worm. You bite the worm.
The worm is heavily wounded.
The worm bites you!
Ouch! That really hurt!
You die...

## #.# ##.#
###..###..#
#......>..# ###
#.#.......# #.#
#.##.....## #.#
#.###...## #.######w#
#.##
########......@.## .#
#....................#
#.####################
###.# ....# #####


You could see a worm.

Vanquished Creatures
  A worm (D:2)
  A bat (D:2)
  An endoplasm (D:2)
3 creatures vanquished.

Notes
Turn   | Place    | Note
-------+----------+-------------------------------------------
     0 | D:1      | Daunt the Vampire Enchanter began the quest for the Orb.
     0 | D:1      | Reached XP level 1. HP: 13/13 MP: 3/3
    15 | D:1      | You fall into a shaft and drop 1 floor!
   159 | D:2      | Slain by a worm

Illustrated notes

Levels and vault maps discovered:
D:1:      noname_arrival_rooms_in_the_neighbourhood, layout_rooms, hex_tiny
D:2:      layout_loops_ring, dreamdust_ecumenical_altar_hidden_monk_grotto,
          uniq_terence

Skill      XL: |  1 |
---------------+----+-----
Short Blades   | 2 |  2.1
Dodging        | |  2.1
Stealth        | |  4.4
Spellcasting   | |  2.0
Hexes          | |  4.4

Action                   || total
-------------------------++-------
Melee: Dagger            ||    33
       Bite              ||     3
 Stab: Sleeping          ||     1
Armor: Robe              ||    12
Dodge: Dodged            ||    17
